 Dungeon Crawl Stone Soup version 0.30-a0-1116-gebefce21f7 (webtiles) character file.

Game seed: 9980895390128761130

14 holysushi the Cutter (level 2, 24/24 HPs)
             Began as a Demonspawn Monk on Apr 21, 2023.
             Quit the game on level 1 of the Dungeon.
             The game lasted 00:00:15 (215 turns).

holysushi the Cutter (Demonspawn Monk)               Turns: 215, Time: 00:00:16

Health: 24/24      AC:  2    Str: 11    XL:     2   Next: 31%
Magic:  2/2        EV: 12    Int: 11    God:
Gold:   11         SH:  0    Dex: 15    Spells: 1/1 levels left

rFire   . . .      SeeInvis .    a - +0 short sword
rCold   . . .      Faith    .    d - orb {light}
rNeg    . . .      Spirit   .    b - +0 robe
rPois   .          Reflect  .    (no helmet)
rElec   .          Rampage  .    (no cloak)
rCorr   .                        (no gloves)
Will    .....                    (no boots)
Stlth   +                        (no amulet)
HPRegen 0.24/turn                (no ring)
MPRegen 0.08/turn                (no ring)

@: glowing
A: demonic magic 1
a: no special abilities


You were on level 1 of the Dungeon.
You visited 1 branch of the dungeon, and saw 1 of its levels.

You collected 11 gold pieces.

Inventory:

Hand Weapons
 a - a +0 short sword (weapon)
Armour
 b - a +0 robe (worn)
 d - an orb of light (worn)
Scrolls
 f - a scroll of fog {unknown}
Potions
 c - a potion of ambrosia
 e - a potion of resistance {unknown}


   Skills:
 - Level 3.0 Fighting
 + Level 3.4 Short Blades
 - Level 2.6 Dodging


You had one spell level left.
You didn't know any spells.
Your spell library was empty.

Dungeon Overview and Level Annotations

Branches:
Dungeon (1/15) Zot: 5786

Altars:


Innate Abilities, Weirdness & Mutations

Spells you cast may paralyse adjacent enemies.


Message History

A gnoll is nearby!
You hit the gnoll.
The gnoll is lightly wounded.
The gnoll hits you with a +0 club.
A gnoll is nearby!
You hit the gnoll.
The gnoll is heavily wounded.
A gnoll is nearby!
You hit the gnoll.
The gnoll is almost dead.
The gnoll hits you with a +0 club.
A gnoll is nearby!
You barely miss the gnoll.
The gnoll is almost dead.
The gnoll hits you with a +0 club.
A gnoll is nearby!
A gnoll is nearby!
You are too injured to fight recklessly!
You are too injured to fight recklessly!
A gnoll is nearby!
You are too injured to fight recklessly!
A gnoll is nearby!
You hit the gnoll.
You kill the gnoll!
You have reached level 2!
Your demonic ancestry asserts itself...
A menacing aura infuses your magic.
You start resting.
A rat comes into view.
You start resting.
A rat is nearby!
Your library has no spells.
Unknown command.
You hit the rat.
You kill the rat!
No target in view!
No target in view!
You start resting.
HP restored.
Are you sure you want to abandon this character and quit the game? (Confirm with "yes".)

..##.........##.#. ###
#.##..........#.#. ...
#.##........#.#.#. #.#
#.##............#.
...#.########.#..###.
#.#.# #.#..# #† #.).##
#.#..# #. ######..#
####.######.
#.....@.#....##........
#............##########
#.....###....# ##.
##.#### .#### ##.. #.#
. ####..# #.# #.#
#....## #.# #.# #.####
#.# #.####.# #.#
#.##...#


There were no monsters in sight!

Vanquished Creatures
  A gnoll (D:1)
  A goblin (D:1)
  2 ball pythons (D:1)
  A frilled lizard (D:1)
  A kobold (D:1)
  A rat (D:1)
7 creatures vanquished.

Notes
Turn   | Place    | Note
-------+----------+-------------------------------------------
     0 | D:1      | holysushi the Demonspawn Monk began the quest for the Orb.
     0 | D:1      | Reached XP level 1. HP: 18/18 MP: 1/1
   154 | D:1      | Gained mutation: Spells you cast may paralyse adjacent
                  | enemies. [demonic ancestry]
   154 | D:1      | Reached XP level 2. HP: 9/24 MP: 2/2
   215 | D:1      | Quit the game

Illustrated notes

Levels and vault maps discovered:
D:1:      minmay_arrival_doors, layout_basic

Skill      XL: |  1 |
---------------+----+-----
Short Blades   | 3 |  3.4
Fighting       | |  3.0
Dodging        | |  2.6

Action                     || total
---------------------------++-------
  Melee: Short sword       ||    13
 Armour: Robe              ||     1
  Dodge: Dodged            ||     5

Table legend: (Time is in decaauts)
 A = Elapsed time spent in this place.
 B = Non-inter-level travel time spent in this place.
 C = Inter-level travel time spent in this place.
 D = Time resting spent in this place.
 E = Time spent auto-exploring this place.
 F = Levels seen in this place.
 G = Mean time per level.
                   A        B        C        D        E       F      G
               +--------+--------+--------+--------+--------+-----+--------+
         Total |    213 |    213 |      0 |     51 |    121 |   1 |  213.0 |
       Dungeon |    213 |    213 |      0 |     51 |    121 |   1 |  213.0 |
               +--------+--------+--------+--------+--------+-----+--------+

Top non-repeatable levels by time:
     D:1: 213 daAuts
